 Dungeon Crawl Stone Soup version 0.21.1-1-g345015f (webtiles) character file.

905 Kairos the Chopper (level 7, -5/53 HPs)
             Began as a Demonspawn Gladiator on May 31, 2018.
             Was a Believer of Okawaru.
             Killed from afar by an orc wizard (7 damage)
             ... with a magic dart
             ... on level 5 of the Dungeon.
             The game lasted 00:08:19 (5458 turns).

Kairos the Chopper (Demonspawn Gladiator)           Turns: 5458, Time: 00:08:20

Health: -5/53      AC: 11    Str: 16    XL:     7   Next: 80%
Magic:  5/7        EV: 15    Int: 10    God:    Okawaru [**....]
Gold:   222        SH:  0    Dex: 16    Spells: 6/6 levels left

rFire    . . .     SeeInvis .   v - -2 battleaxe (curse)
rCold    + . .     Gourm    .   (shield currently unavailable)
rNeg     . . .     Faith    .   r - -1 scale mail
rPois    .         Spirit   .   c - +0 helmet
rElec    .         Reflect  .   q - +0 cloak
rCorr    +         Harm     .   (no gloves)
MR       .....                  i - +0 pair of boots
Stlth    +++.......             (no amulet)
HPRegen  0.17/turn              z - ring of protection from cold
MPRegen  0.10/turn              s - ring of resist corrosion

@: heroism
A: thin skeletal structure 1, demonic guardian 1
a: Heroism, Renounce Religion


You were on level 5 of the Dungeon.
You worshipped Okawaru.
Okawaru was pleased with you.
You were not hungry.

You visited 1 branch of the dungeon, and saw 5 of its levels.

You collected 222 gold pieces.

Inventory:

Hand Weapons
 a - a +0 war axe
 h - a +0 whip of venom
 v - a cursed -2 battleaxe (weapon)
Missiles
 d - 3 throwing nets (quivered)
Armour
 b - a +0 leather armour
 c - a +0 helmet (worn)
 i - a +0 pair of boots (worn)
 q - a +0 cloak (worn)
 r - a -1 scale mail (worn)
 w - a +0 chain mail
Jewellery
 g - an uncursed ring of ice
 s - a ring of resist corrosion (right hand)
 z - a ring of protection from cold (left hand)
Wands
 o - a wand of flame (15)
 t - a wand of enslavement (20)
 y - a wand of polymorph (18)
Scrolls
 j - a scroll of blinking
 l - 3 scrolls of identify
 n - a scroll of enchant armour
 p - a scroll of amnesia {unknown}
 u - a scroll of immolation {unknown}
 x - 2 scrolls of brand weapon {unknown}
Potions
 e - a potion of curing {unknown}
 m - 2 potions of heal wounds {unknown}
Comestibles
 f - 9 rations


   Skills:
 + Level 3.8(8.8) Fighting
 + Level 4.8(10.2) Axes
 + Level 2.9(9.3) Maces & Flails
 + Level 1.8(6.8) Throwing
 + Level 3.5(8.5) Armour
 + Level 4.0(9.0) Dodging
 + Level 2.3(7.3) Stealth


You had 6 spell levels left.
You didn't know any spells.

Dungeon Overview and Level Annotations

Branches:
Dungeon (5/15)
 Temple: D:4-7

Altars:
Fedhas
Kikubaaqudgha
Nemelex Xobeh
Okawaru
Qazlal
Vehumet


Innate Abilities, Weirdness & Mutations

You have a somewhat thin skeletal structure. (Dex +2, Stealth)
A weak demonic guardian rushes to your aid.


Message History

The orc hits you with a whip.
* * * LOW HITPOINT WARNING * * *
The orc wizard mumbles some strange words.
The orc wizard blinks!
You closely miss the orc. The orc closely misses you.
All of the chunks of flesh in your inventory have rotted away.
You slice the orc!!
You kill the orc!
Okawaru accepts your kill.
You miss the orc wizard.
The orc wizard is severely wounded.
The orc wizard barely misses you.
The orc wizard hits you but does no damage.
You closely miss the orc wizard.
The orc wizard is severely wounded.
The orc wizard hits you with a dagger.
* * * LOW HITPOINT WARNING * * *
The orc wizard gestures at you while chanting.
The magic dart hits you!
You die...

#)|###...###.. #..#
##..# #..# #.##
##### #..# #..#
...... #..# #..#
...... #..# #..#
#...... #..# ##.##
....# #..##
#...#####..#
##...###....##)@..#
##....##.......o).##
#⌠.⌠.............##
.._..............#
.⌠.⌠...........###
.#..........####
.††)####....#
########## #).##
##..# ##..(.....##
..## ####
#...####...##


You could see an orc wizard.

Vanquished Creatures
  A centaur (D:5)
  A howler monkey (D:4)
  3 crimson imps
  The ghost of p0werm0de the Changer, a weakling VSWn (D:3)
  A hound (D:5)
  3 orc priests (D:5)
  2 bullfrog skeletons (D:4)
  Jessica (D:2)
  2 orc wizards (D:5)
  2 worker ants (D:4)
  5 adders
  A howler monkey skeleton (D:4)
  An adder zombie (D:5)
  A worm (D:4)
  3 dart slugs
  A leopard gecko (D:2)
  15 orcs
  9 bats
  9 giant cockroaches
  15 goblins
  7 hobgoblins
  13 jackals
  5 kobolds
  A ball python skeleton (D:5)
  7 frilled lizards
  A jackal skeleton (D:5)
  9 rats
120 creatures vanquished.

Vanquished Creatures (collateral kills)
  An orc warrior (D:4)
  An ogre (D:4)
  A water moccasin zombie (D:5)
  A hound (D:4)
  An iguana (D:5)
  Terence (D:2)
  A worker ant (D:4)
  2 orcs (D:5)
  3 jackals
12 creatures vanquished.

Vanquished Creatures (others)
  2 plants (D:3)
2 creatures vanquished.

Grand Total: 134 creatures vanquished

Notes
Turn   | Place    | Note
-------+----------+-------------------------------------------
     0 | D:1      | Kairos the Demonspawn Gladiator began the quest for the Orb.
     0 | D:1      | Reached XP level 1. HP: 16/16 MP: 1/1
    37 | D:1      | Gained mutation: A weak demonic guardian rushes to your aid. [demonic ancestry]
    37 | D:1      | Reached XP level 2. HP: 16/22 MP: 2/2
   790 | D:1      | Reached XP level 3. HP: 27/27 MP: 3/3
  1552 | D:2      | Noticed Terence
  1563 | D:2      | Killed Terence
  1563 | D:2      | Reached skill level 1 in Armour
  1563 | D:2      | Gained mutation: You have a somewhat thin skeletal structure. (Dex +2, Stealth) [demonic ancestry]
  1563 | D:2      | Reached XP level 4. HP: 30/34 MP: 4/4
  1857 | D:2      | Noticed Jessica
  1867 | D:2      | Killed Jessica
  1867 | D:2      | Reached skill level 1 in Maces & Flails
  1867 | D:2      | Reached skill level 1 in Stealth
  1882 | D:2      | Found an iron altar of Okawaru.
  2002 | D:2      | Became a worshipper of Warmaster Okawaru
  2344 | D:3      | Reached XP level 5. HP: 21/39 MP: 5/5
  2698 | D:3      | Noticed p0werm0de's ghost (weakling VSWn)
  2720 | D:3      | Killed p0werm0de's ghost
  2882 | D:3      | Found a faded altar of an unknown god.
  2967 | D:3      | Found a radiant altar of Vehumet.
  3453 | D:4      | Found an ancient bone altar of Kikubaaqudgha.
  3660 | D:4      | Noticed an orc warrior
  3717 | D:4      | Killed an orc warrior
  3717 | D:4      | Reached XP level 6. HP: 11/47 MP: 6/6
  4069 | D:4      | Reached * piety under Okawaru
  4093 | D:4      | Found a stormy altar of Qazlal.
  4094 | D:4      | Found a blossoming altar of Fedhas.
  4620 | D:5      | Entered Level 5 of the Dungeon
  4624 | D:5      | Noticed an ice beast
  4627 | D:5      | Reached XP level 7. HP: 49/52 MP: 7/7
  4639 | D:5      | Reached ** piety under Okawaru
  5369 | D:5      | Found a sparkling altar of Nemelex Xobeh.
  5458 | D:5      | HP: 2/53 [orc wizard/dagger (1)]
  5458 | D:5      | Killed from afar by an orc wizard

Skill      XL: |  1  2  3  4  5  6  7 |
---------------+----------------------+-----
Dodging        | 3 4 |  4.0
Axes           | 3 4 |  4.8
Armour         | 1 2 3 |  3.5
Maces & Flails | 1 2 |  2.9
Stealth        | 1 2 |  2.3
Fighting       | 3 |  3.8
Throwing       | |  1.8

Action                   |  1- 3 |  4- 6 |  7- 9 || total
-------------------------+-------+-------+-------++-------
Melee: War axe           |    66 |       |       ||    66
       Whip              |    73 |   134 |       ||   207
       Battleaxe         |       |    17 |    84 ||   101
Invok: Heroism           |       |       |     1 ||     1
  Use: Scroll            |       |     4 |       ||     4
 Stab: Sleeping          |     2 |     5 |       ||     7
       Distracted        |       |     1 |     1 ||     2
  Eat: Chunk             |     2 |     9 |     4 ||    15
Armor: Leather armour    |    43 |    24 |       ||    67
       Scale mail        |       |    31 |    75 ||   106
Dodge: Dodged            |   117 |    95 |    76 ||   288
